[Event "2nd Father Cup Blitz 2023"]
[Site "Rasht"]
[Date "2023.12.07"]
[Round "5.3"]
[White "Khoshkalam, Seyed Mehrab"]
[Black "Mahdavi, Reza"]
[Result "0-1"]
[ECO "E68"]
[WhiteElo "2266"]
[BlackElo "2312"]
[Annotator "RC"]
[PlyCount "110"]
[EventDate "2023.12.07"]
[EventType "swiss"]
[EventCountry "IRI"]
[SourceTitle "playchess.com"]
[Source "ChessBase"]
[SourceQuality "1"]
[TimeControl "300+2"]

1. Nf3 Nf6 2. g3 g6 3. Bg2 Bg7 4. O-O O-O 5. d4 d6 6. c4 Nbd7 7. Nc3 e5 8. e4 exd4 9. Nxd4 Nc5 10. h3 Re8 11. Re1 h6 12. Kh2 a5 13. f4 c6 14. b3 Qb6 15. Be3 Qb4 16. Qc2 Qb6 17. Bg1 Qc7 18. Rab1 Bd7 19. a3 Rad8 20. Rbd1 Bc8 21. Re2 h5 22. b4 axb4 23. axb4 Ne6 24. Nf3 Nd7 25. Red2 Nf6 26. Na4 Qe7 27. Bb6 Rd7 28. Nc3 Nh7 29. h4 Nf6 30. Kg1 Ng4 31. Rd3 Nf8 32. Qd2 Qe6 33. Qa2 d5 34. Ng5 Qd6 35. c5 Qf6 36. exd5 Qf5 37. Be4 Rxe4 38. Ncxe4 Re7 39. Qc4 Nh6 40. Bd8 Rd7 41. dxc6 bxc6 42. Rxd7 Bxd7 43. Be7 Be6 44. Nxe6 Nxe6 45. Qd3 Kh8 46. Bd6 Bd4+ 47. Kg2 Ng4 48. Be5+ Bxe5 49. fxe5 Nxe5 50. Qe2 Ng4 51. Rf1 Qe5 52. Rxf7 Nd4 53. Rf8+ Kg7 54. Qf1 Ne3+ 55. Kg1 Nxf1 0-1

[Event "2nd Father Cup Blitz 2023"]
[Site "Rasht"]
[Date "2023.12.07"]
[Round "5.4"]
[White "Daghli, Arash"]
[Black "Sadeh, Shahin"]
[Result "1-0"]
[ECO "D46"]
[WhiteElo "2410"]
[BlackElo "2202"]
[Annotator "RC"]
[PlyCount "51"]
[EventDate "2023.12.07"]
[EventType "swiss"]
[EventCountry "IRI"]
[SourceTitle "playchess.com"]
[Source "ChessBase"]
[SourceQuality "1"]
[TimeControl "300+2"]

1. c4 c6 2. Nf3 d5 3. e3 Nf6 4. Nc3 e6 5. b3 Be7 6. Bb2 O-O 7. d4 Nbd7 8. Bd3 Re8 9. O-O h6 10. e4 dxe4 11. Nxe4 Nxe4 12. Bxe4 Nf6 13. Bc2 c5 14. Qe2 cxd4 15. Rad1 e5 16. Qxe5 Bg4 17. Rxd4 Qc8 18. Qf4 Bc5 19. Rd3 Re2 20. Bxf6 Rxc2 21. Ne5 Be2 22. Rg3 Bxf1 23. Rxg7+ Kf8 24. Be7+ Kxe7 25. Qxf7+ Kd6 26. Qd5# 1-0

[Event "2nd Father Cup Blitz 2023"]
[Site "Rasht"]
[Date "2023.12.07"]
[Round "6.1"]
[White "Rastbod, Ali"]
[Black "Maghsoodloo, Parham"]
[Result "0-1"]
[ECO "A29"]
[WhiteElo "2221"]
[BlackElo "2742"]
[Annotator "TA"]
[PlyCount "119"]
[EventDate "2023.12.07"]
[EventType "swiss"]
[EventCountry "IRI"]
[SourceTitle "playchess.com"]
[Source "ChessBase"]
[SourceQuality "1"]
[TimeControl "300+2"]

1. c4 Nf6 2. Nc3 e5 3. Nf3 Nc6 4. g3 Bb4 5. Nd5 e4 6. Nh4 d6 7. Nxb4 {[%emt 0:00:23] A29: English Opening: Four Knights Variation with 4 g3.} Nxb4 8. a3 {[%emt 0:00:00] [#]} Na6 $146 ({Predecessor:} 8... Nc6 9. b4 O-O 10. Bb2 Ne5 11. Bxe5 dxe5 12. Ng2 Qe7 13. Ne3 Be6 14. Bg2 a5 {0-1 Videki,S (2363)-Grigoriants,S (2562) HUN-ch Rapid 2023 (9)}) 9. b4 {[%emt 0:00:10] White is slightly better.} c5 10. Rb1 O-O 11. Ng2 d5 12. cxd5 Nxd5 13. b5 Nac7 14. Qc2 b6 15. Ne3 Ne6 16. Bg2 {[%emt 0:01:17] And now Nxd5 would win.} f5 17. Qc4 {[%emt 0:00:01] Repels Nd4} Bb7 18. O-O Nd4 {[%emt 0:00:07] Black is more active.} (18... Qd7 $15) 19. Bb2 $14 Rc8 {[%emt 0:00:02] [#]} 20. Rfe1 (20. f3 $1 $16 exf3 21. Rxf3) 20... f4 {[%emt 0:00:37] [#]} 21. gxf4 ({Better is} 21. Bxe4 $1 $16 fxe3 22. dxe3) 21... Rxf4 22. Bxd4 cxd4 23. Qxd4 Qg5 24. Nxd5 Bxd5 25. Qe3 Rcf8 26. Rf1 R8f6 {[%emt 0:00:10] Threatens to win with ...Rg6.} 27. Kh1 ({Don't go for} 27. Qg3 $2 Rg4 28. h4 Rxg3 $19) 27... h6 28. Rbc1 Kh7 29. Rc3 Rg6 30. Rg1 Qh4 $40 {[%emt 0:00:03][%mdl 128] Black attacks.} 31. f3 {[%emt 0:00:07] Black keeps a firm grip on the game.} (31. Qd4 $11 Qxf2 32. Qxf2 Rxf2 33. Re3) 31... exf3 $19 32. exf3 {[%emt 0:00:00] [#]} Bxf3 $1 33. Qxf3 (33. Bxf3 $2 {gets mated.} Qxh2+ 34. Kxh2 Rh4#) 33... Rxf3 34. Rxf3 Qd4 35. d3 h5 36. Rf5 Kh6 (36... Qxd3 $2 {too greedy.} 37. Rxh5+ Rh6 38. Rg5 $19) 37. Rf3 Qc5 38. a4 Qd4 39. Rgf1 Qg4 40. R3f2 Rf6 41. Rxf6+ gxf6 42. Rxf6+ {[%emt 0:00:01][%mdl 4096] Endgame KQ-KRB} (42. Be4 $142 Qe6 43. Rf5) 42... Kg7 43. Rf3 {[%emt 0:00:04] Strongly threatening Rg3.} Qxa4 44. Rg3+ $2 (44. Rf5) 44... Kf6 45. Bc6 $2 (45. Rf3+ Ke7 46. Rf5) 45... Qd1+ 46. Kg2 Qe2+ 47. Kg1 h4 48. Rf3+ Ke5 49. d4+ $2 (49. Be4) 49... Kxd4 50. Rf4+ Ke5 51. Re4+ Qxe4 $1 {[%emt 0:00:01] Black mates.} 52. Bxe4 Kxe4 {[%emt 0:00:01] K3P-KPP} 53. Kg2 Kd5 54. Kh3 Kc5 55. Kxh4 Kxb5 56. Kg5 a5 57. h4 a4 58. h5 a3 59. h6 a2 60. h7 {[%emt 0:00:01] Weighted Error Value: White=0.49/Black=0.24 (precise)} 0-1

[Event "2nd Father Cup Blitz 2023"]
[Site "Rasht"]
[Date "2023.12.07"]
[Round "6.2"]
[White "Mahdavi, Reza"]
[Black "Pourramezanali, Amirreza"]
[Result "1-0"]
[ECO "C02"]
[WhiteElo "2312"]
[BlackElo "2500"]
[Annotator "RC"]
[PlyCount "63"]
[EventDate "2023.12.07"]
[EventType "swiss"]
[EventCountry "IRI"]
[SourceTitle "playchess.com"]
[Source "ChessBase"]
[SourceQuality "1"]
[TimeControl "300+2"]

1. e4 e6 2. d4 d5 3. e5 c5 4. c3 Nc6 5. Nf3 Bd7 6. Be2 Nge7 7. Na3 cxd4 8. cxd4 Ng6 9. Nc2 Be7 10. g3 O-O 11. h4 f6 12. h5 Nh8 13. exf6 Bxf6 14. Bf4 Nf7 15. Qd2 Qe7 16. O-O Nd6 17. Bd3 Be8 18. h6 Bh5 19. Ne5 g5 20. Nxc6 bxc6 21. Be5 Nf7 22. f4 Bxe5 23. fxe5 Nxh6 24. Qh2 Rxf1+ 25. Rxf1 Qe8 26. Ne3 Bg6 27. Qxh6 Bxd3 28. Rf6 Bg6 29. Ng4 Rb8 30. b3 Rb7 31. Rf2 Qe7 32. Nf6+ 1-0

[Event "2nd Father Cup Blitz 2023"]
[Site "Rasht"]
[Date "2023.12.07"]
[Round "6.3"]
[White "Poormosavi, Seyed Kian"]
[Black "Daghli, Arash"]
[Result "0-1"]
[ECO "D02"]
[WhiteElo "2384"]
[BlackElo "2410"]
[Annotator "RC"]
[PlyCount "90"]
[EventDate "2023.12.07"]
[EventType "swiss"]
[EventCountry "IRI"]
[SourceTitle "playchess.com"]
[Source "ChessBase"]
[SourceQuality "1"]
[TimeControl "300+2"]

1. Nf3 d5 2. g3 g6 3. Bg2 Bg7 4. d4 c6 5. O-O Nf6 6. c3 O-O 7. a4 Bf5 8. Nbd2 Nbd7 9. Re1 Re8 10. Nh4 Be6 11. a5 h6 12. e4 dxe4 13. Nxe4 Nxe4 14. Bxe4 Bd5 15. Bxd5 cxd5 16. Qb3 e5 17. Qxd5 exd4 18. Bd2 Ne5 19. Qxd8 Raxd8 20. cxd4 Rxd4 21. Bc3 Rdd8 22. Rad1 Rxd1 23. Rxd1 Nc6 24. Bxg7 Kxg7 25. a6 bxa6 26. Rd6 Nb4 27. Rd7 Re1+ 28. Kg2 Re2 29. b3 Rb2 30. Nf3 Kf6 31. Nd2 Ke6 32. Rd4 Nc6 33. Re4+ Kd5 34. Re2 Nd4 35. Re7 Rxd2 36. Rxf7 Nxb3 37. Rf6 a5 38. Rxg6 a4 39. Ra6 Nc5 40. Rxa7 Kc4 41. g4 Kb4 42. h4 a3 43. g5 hxg5 44. hxg5 a2 45. Kg3 Na4 0-1

[Event "2nd Father Cup Blitz 2023"]
[Site "Rasht"]
[Date "2023.12.07"]
[Round "6.4"]
[White "Mosadeghpour, Masoud"]
[Black "Toufighi, Homayoon"]
[Result "1-0"]
[ECO "C01"]
[WhiteElo "2473"]
[BlackElo "2368"]
[Annotator "RC"]
[PlyCount "61"]
[EventDate "2023.12.07"]
[EventType "swiss"]
[EventCountry "IRI"]
[SourceTitle "playchess.com"]
[Source "ChessBase"]
[SourceQuality "1"]
[TimeControl "300+2"]

1. Nf3 e6 2. e4 d5 3. exd5 exd5 4. d4 Bd6 5. Bd3 Ne7 6. O-O Nbc6 7. Re1 Bg4 8. c3 Qd7 9. h3 Bh5 10. b4 Bg6 11. Bf1 a6 12. Nbd2 O-O 13. Ne5 Bxe5 14. dxe5 d4 15. Nb3 Rfd8 16. e6 Qd6 17. exf7+ Bxf7 18. Nxd4 Nxd4 19. cxd4 Nc6 20. Bg5 Rd7 21. Qg4 Qxd4 22. Qg3 Qxb4 23. Rad1 Nd4 24. Qg4 Qd6 25. Bf6 Bh5 26. Bc4+ Kh8 27. Qxh5 gxf6 28. Re8+ Rxe8 29. Qxe8+ Kg7 30. Rd3 f5 31. Kf1 1-0

[Event "2nd Father Cup Blitz 2023"]
[Site "Rasht"]
[Date "2023.12.07"]
[Round "7.1"]
[White "Maghsoodloo, Parham"]
[Black "Tahbaz, Arash"]
[Result "1-0"]
[ECO "D35"]
[WhiteElo "2742"]
[BlackElo "2423"]
[Annotator "TA"]
[PlyCount "113"]
[EventDate "2023.12.07"]
[EventType "swiss"]
[EventCountry "IRI"]
[SourceTitle "playchess.com"]
[Source "ChessBase"]
[SourceQuality "1"]
[TimeControl "300+2"]

1. c4 e6 2. Nc3 d5 3. d4 Nf6 4. cxd5 exd5 5. Bg5 c6 6. e3 h6 7. Bh4 Be7 8. Bd3 O-O 9. Nge2 {[%emt 0:00:02] D35: Queen's Gambit Declined: Exchange Variation.} Ne8 10. Bg3 Nd6 11. Qc2 {[%emt 0:00:03] White is slightly better.} Re8 12. O-O Bf8 13. Rfe1 $5 {[%emt 0:00:08][%mdl 4] Leaves trodden paths.} a5 14. Nf4 Na6 15. a3 {[%emt 0:00:02] [#]} b5 $146 ({Predecessor:} 15... Nc7 16. h3 Ne6 17. Nxe6 Bxe6 18. Na4 Nc4 19. e4 b5 20. Nc5 Bxc5 21. dxc5 a4 {½-½ Bok,B (2617)-Ter Sahakyan,S (2609) Speed Chess Q2 Sw blitz 2023 (7)}) 16. f3 Nc4 17. Bf2 (17. Bh7+ Kh8 $11) 17... Bd6 18. Nce2 (18. Nh5 {feels hotter.} Nc7 19. e4 Qg5 20. Ng3) 18... Qc7 (18... Nxe3 $11 19. Qxc6 Nc7) 19. Qc1 $16 a4 20. e4 $1 dxe4 21. fxe4 Na5 (21... Bxf4 $16 22. Nxf4 Na5) 22. e5 $18 Bf8 23. Qc2 (23. Ng3 $18 {and White stays clearly on top.}) 23... Nb3 24. Rad1 Qb7 $2 (24... Bd7 $16 25. h3 (25. Bh7+ Kh8 $16) 25... Rad8) 25. Be4 Bd7 26. Ng3 (26. d5 $142 Bc5 27. e6 Bxf2+ 28. Kxf2 Qa7+ 29. Kg3 (29. Kf1 fxe6 30. dxc6 Bc8 $18)) 26... Nc7 (26... Qc8 {might work better.} 27. Ngh5 Kh8) 27. Nf5 $2 ({Only move:} 27. d5 $18 Bg4 28. e6 (28. Qxc6 Qxc6 29. dxc6 Bxd1 $17) 28... Nxd5 29. Rxd5 Bxe6 30. Rdd1) 27... Nd5 $14 28. Nh5 {[%emt 0:00:09][%cal Of5h6] White threatens Nxh6+! and mate.} Bxf5 29. Bxf5 g6 {[%emt 0:00:01] [#]} 30. Bxg6 {[%emt 0:00:03][%mdl 64] Demolition} fxg6 31. Qxg6+ Kh8 32. Bh4 {[%emt 0:00:04][%mdl 1024] Rf1 would be deadly. White has compensation.} Qd7 (32... Rec8 $1 $11 {keeps the balance.}) 33. Rf1 $1 $16 {[%emt 0:00:07] Black must now prevent Rf7. White is more active.} (33. Bf6+ $6 Nxf6 34. Nxf6 Qg7 35. Qxg7+ (35. Qxe8 $2 Rxe8 36. Nxe8 Qg6 $19) 35... Kxg7 36. Nxe8+ Rxe8 $11) 33... Re6 {[%emt 0:00:02] [#]} (33... Qh7 $2 34. Qxc6 Qg8 35. e6 $18 (35. Qxb5 Be7 $16)) 34. Qf5 (34. Bf6+ $6 Nxf6 35. Nf4 (35. Nxf6 Qg7 $11) 35... Nxd4 36. Nxe6 (36. exf6 Rd6 $15) 36... Qxe6 $11) ({White should try} 34. Qg4 $1 $16) 34... Be7 {[%emt 0:00:00][%mdl 8192] Dodges Rf6. Black is now going downhill.} (34... Nxd4 $11 35. Rxd4 Bc5) 35. Qf7 $18 Rg8 {[%emt 0:00:11] [#] Prevents Qg7+} 36. Rf6 $2 $40 {[%emt 0:00:00][%mdl 128] Black is in trouble.} Nxf6 $4 (36... Bxf6 $2 37. Qxd7 Bxh4 38. Qxe6 $18) (36... Nc5 $16 37. dxc5 Bxc5+ 38. Kh1 Qxf7 39. Rxf7 Rf8 40. Rxf8+ Bxf8) 37. Bxf6+ {[%emt 0:00:00] White is clearly winning.} (37. Nxf6 Rg7 38. Qh5 Bxf6 39. Qxh6+ Kg8 40. Bxf6 Ree7 $17) 37... Rxf6 38. Nxf6 Rg7 39. Qxg7+ Kxg7 40. Nxd7 {[%emt 0:00:00][%mdl 4096] Endgame KRN-KBN} Kf7 41. Nb8 Na5 42. Rc1 Bg5 43. Rc3 Bd2 44. Rf3+ Ke7 45. Kf1 Bc1 46. Rf2 Be3 47. Rf6 Bxd4 48. Nxc6+ Nxc6 49. Rxc6 Bxb2 {[%emt 0:00:04] KR-KB} 50. Rb6 Bxa3 51. Rxb5 ({Inferior is} 51. Rxh6 Bb2 $11) 51... Bc1 52. Ke2 a3 53. Ra5 Ke6 54. Kf3 Kf5 55. g4+ Kg5 56. h3 Bb2 57. Ke4 {[%emt 0:00:00] Weighted Error Value: White=0.50/Black=0.50} 1-0

[Event "2nd Father Cup Blitz 2023"]
[Site "Rasht"]
[Date "2023.12.07"]
[Round "7.2"]
[White "Daghli, Arash"]
[Black "Mahdavi, Reza"]
[Result "1-0"]
[ECO "E32"]
[WhiteElo "2410"]
[BlackElo "2312"]
[Annotator "RC"]
[PlyCount "77"]
[EventDate "2023.12.07"]
[EventType "swiss"]
[EventCountry "IRI"]
[SourceTitle "playchess.com"]
[Source "ChessBase"]
[SourceQuality "1"]
[TimeControl "300+2"]

1. c4 e6 2. Nc3 Bb4 3. Qc2 Nf6 4. Nf3 O-O 5. a3 Bxc3 6. Qxc3 d6 7. d4 Re8 8. e3 b6 9. b4 Bb7 10. Bb2 Nbd7 11. Qc2 Qe7 12. Be2 c5 13. O-O Rac8 14. dxc5 bxc5 15. Rfd1 Red8 16. b5 Nb6 17. a4 Bxf3 18. Bxf3 d5 19. Be2 Ne8 20. a5 Nxc4 21. Bxc4 dxc4 22. Rxd8 Qxd8 23. Qxc4 Nd6 24. Qg4 Ne8 25. Qe4 Qd2 26. Be5 c4 27. h3 c3 28. Qb7 Rd8 29. Qc6 c2 30. b6 axb6 31. axb6 Qb4 32. Kh2 Nf6 33. Bc7 Re8 34. Ra8 Rxa8 35. Qxa8+ Qf8 36. Qc6 Nd5 37. Qxc2 Qb4 38. Qc6 h5 39. b7 1-0

[Event "2nd Father Cup Blitz 2023"]
[Site "Rasht"]
[Date "2023.12.07"]
[Round "7.3"]
[White "Mousavi, Seyed Khalil"]
[Black "Mosadeghpour, Masoud"]
[Result "0-1"]
[ECO "D35"]
[WhiteElo "2501"]
[BlackElo "2473"]
[Annotator "RC"]
[PlyCount "102"]
[EventDate "2023.12.07"]
[EventType "swiss"]
[EventCountry "IRI"]
[SourceTitle "playchess.com"]
[Source "ChessBase"]
[SourceQuality "1"]
[TimeControl "300+2"]

1. d4 Nf6 2. c4 e6 3. Nf3 d5 4. Nc3 Nbd7 5. cxd5 exd5 6. Bg5 c6 7. Qc2 Bd6 8. e3 Nf8 9. Bd3 Ng6 10. h4 h6 11. Bxg6 hxg5 12. Nxg5 fxg6 13. Qxg6+ Kd7 14. Qxg7+ Be7 15. Nf7 Rg8 16. Qh6 Qf8 17. Ne5+ Ke8 18. Qf4 Ng4 19. Qxf8+ Bxf8 20. Nxg4 Rxg4 21. g3 Kf7 22. Ne2 Bb4+ 23. Kf1 Bd7 24. a3 Ba5 25. f3 Rgg8 26. Kf2 Rae8 27. Rad1 Re7 28. Nf4 Rge8 29. Ng2 Kg8 30. h5 Rf8 31. Nf4 Rfe8 32. Ng2 Bc7 33. g4 Rf7 34. Ke2 Ref8 35. Nh4 Bd8 36. Ng6 Rxf3 37. Nxf8 Rxf8 38. Rhg1 Bg5 39. Rdf1 Re8 40. Rf3 Re4 41. Kd3 c5 42. dxc5 Bb5+ 43. Kc2 Bxe3 44. Re1 d4 45. Kb1 Rxg4 46. Rf6 Rg5 47. h6 Bd3+ 48. Ka2 Rxc5 49. Rh1 Be4 50. Rh4 Bd5+ 51. Kb1 Rc1# 0-1

[Event "2nd Father Cup Blitz 2023"]
[Site "Rasht"]
[Date "2023.12.07"]
[Round "7.4"]
[White "Pourramezanali, Amirreza"]
[Black "Ahmadi, Erfan"]
[Result "1-0"]
[ECO "B15"]
[WhiteElo "2500"]
[BlackElo "2031"]
[Annotator "RC"]
[PlyCount "97"]
[EventDate "2023.12.07"]
[EventType "swiss"]
[EventCountry "IRI"]
[SourceTitle "playchess.com"]
[Source "ChessBase"]
[SourceQuality "1"]
[TimeControl "300+2"]

1. e4 c6 2. d4 d5 3. Nc3 dxe4 4. Nxe4 Nf6 5. Nxf6+ exf6 6. Bc4 Bd6 7. Qe2+ Qe7 8. Qxe7+ Bxe7 9. Nf3 Bd6 10. c3 O-O 11. O-O Bg4 12. Nd2 Nd7 13. h3 Bf5 14. Bb3 Nb6 15. Nc4 Nxc4 16. Bxc4 Rfe8 17. Be3 Rad8 18. Rad1 Be4 19. Rfe1 g6 20. Bb3 Kg7 21. a3 f5 22. f3 Bd5 23. c4 f4 24. Bf2 Be6 25. d5 cxd5 26. cxd5 Bf5 27. Bxa7 Be5 28. Bb6 Ra8 29. Rxe5 Rxe5 30. Bd4 f6 31. Bxe5 fxe5 32. Rc1 Rc8 33. Rxc8 Bxc8 34. Bc4 Kf6 35. d6 e4 36. fxe4 Ke5 37. Bd5 Kxd6 38. Kf2 Ke5 39. a4 Kd4 40. a5 Kc5 41. Bg8 h6 42. Bh7 Kb4 43. Bxg6 Bd7 44. Kf3 Kxa5 45. Kxf4 Kb4 46. Bf7 Kc5 47. e5 Bc6 48. g4 b5 49. h4 1-0

[Event "2nd Father Cup Blitz 2023"]
[Site "Rasht"]
[Date "2023.12.07"]
[Round "8.1"]
[White "Maghsoodloo, Parham"]
[Black "Pourramezanali, Amirreza"]
[Result "1-0"]
[ECO "D35"]
[WhiteElo "2742"]
[BlackElo "2500"]
[Annotator "TA"]
[PlyCount "103"]
[EventDate "2023.12.07"]
[EventType "swiss"]
[EventCountry "IRI"]
[SourceTitle "playchess.com"]
[Source "ChessBase"]
[SourceQuality "1"]
[TimeControl "300+2"]

1. c4 e6 2. Nc3 d5 3. d4 Nf6 4. cxd5 exd5 5. Bg5 c6 6. e3 h6 7. Bh4 Be7 8. Bd3 O-O 9. Nge2 {[%emt 0:00:01] D35: Queen's Gambit Declined: Exchange Variation.} Re8 10. O-O a5 11. f3 {[%emt 0:00:01] The position is equal.} b5 12. Bf2 Ba6 13. Rc1 Nbd7 14. Ng3 Bf8 {[%emt 0:00:46] [#]} 15. Nce2 $146 ({Better is} 15. e4 $14) ({Predecessor:} 15. e4 dxe4 16. fxe4 b4 17. Bxa6 Rxa6 18. Na4 c5 19. e5 Nh7 20. Nxc5 Nxc5 21. dxc5 {½-½ Quesada Perez,L (2544)-Warmerdam,M (2633) Casablanca Mohammed op 4th 2023 (5)}) 15... Qb6 $11 16. Nf4 b4 (16... c5 $1 $11) 17. Re1 Bxd3 18. Nxd3 c5 19. dxc5 Nxc5 20. e4 Rac8 21. e5 {[%emt 0:00:09] Black must now prevent Rxc5.} Nfd7 22. Nf4 (22. Rc2 $11 {keeps the balance.}) 22... Nxe5 $17 23. Qxd5 Qd6 (23... Qb8 $17 {...Rcd8 would be deadly.} 24. Bxc5 Rcd8) 24. Rcd1 $2 {[%emt 0:01:05] [#]} ({White should play} 24. Qxd6 $1 $11 Bxd6 25. Nf5) 24... Qxd5 $2 (24... Qb8 $1 $17 {Hoping for ...Rcd8.} 25. Qd4 Na4) 25. Rxd5 $11 f6 26. h4 Red8 27. Red1 Rxd5 28. Rxd5 a4 29. Nf5 a3 (29... g5 $1 $15 30. Nh5 Kf7) 30. bxa3 bxa3 31. h5 (31. Nxg7 $5 Ncd7 32. Nf5 $11) 31... Na4 (31... Nb7 $11 32. Ne3 Kf7) 32. Bd4 (32. Ng6 $14 Nxg6 33. hxg6) 32... Nc3 33. Bxc3 Rxc3 34. Rd8 {[%emt 0:00:40] Threatens to win with Ne6.} Kf7 {[%emt 0:00:05] Against Ne6. And now ...Rc4 would win.} 35. Rb8 Rc1+ 36. Kh2 {[%emt 0:00:02] next Rb7+ is good for White.} Rc7 {[%emt 0:00:13][%mdl 8192] [#] Against Rb7. White now steadily converts the win.} (36... Rc2 $11) 37. Rxf8+ $1 $18 {[%emt 0:00:02][%mdl 576] Decoy} Kxf8 {[%emt 0:00:02][%mdl 4096] Endgame KRN-KNN} 38. Ne6+ Kf7 39. Nxc7 Nd3 40. Nb5 Nb4 41. Nc3 g6 42. Nd6+ Kg7 43. f4 {[%emt 0:00:21][%cal Bf3f4,Bf4f5][%mdl 32] aiming for hxg6.} gxh5 44. f5 Kf8 45. Kh3 Ke7 46. Nc4 Nc2 47. Kh4 {[%emt 0:00:03] White wants to mate with Nd5+.} Nd4 48. Nd5+ Kf7 49. Nde3 (49. Nd6+ $142 Kg7 50. Kxh5 Ne2 51. Ne8+ Kf7 52. Nexf6 Kg7 53. Ne8+ Kf8 54. Nd6 Ng3+ 55. Kxh6) 49... Nb5 50. Nd5 (50. Kxh5 $18 Kg7 51. Nd5) 50... Nd4 51. Nd6+ Kg7 52. Kxh5 {[%emt 0:00:02] Weighted Error Value: White=0.25 (precise) /Black=0.26 (precise)} 1-0

[Event "2nd Father Cup Blitz 2023"]
[Site "Rasht"]
[Date "2023.12.07"]
[Round "8.2"]
[White "Mosadeghpour, Masoud"]
[Black "Daghli, Arash"]
[Result "0-1"]
[ECO "C45"]
[WhiteElo "2473"]
[BlackElo "2410"]
[Annotator "RC"]
[PlyCount "60"]
[EventDate "2023.12.07"]
[EventType "swiss"]
[EventCountry "IRI"]
[SourceTitle "playchess.com"]
[Source "ChessBase"]
[SourceQuality "1"]
[TimeControl "300+2"]

1. e4 e5 2. Nf3 Nc6 3. d4 exd4 4. Nxd4 Nf6 5. Nxc6 bxc6 6. Nd2 d5 7. exd5 cxd5 8. Bb5+ Bd7 9. Bxd7+ Qxd7 10. O-O Be7 11. b3 O-O 12. Bb2 Rfe8 13. Re1 h6 14. Qf3 Nh7 15. c4 c6 16. cxd5 cxd5 17. Rad1 Bf6 18. Bxf6 Nxf6 19. Qd3 Qd6 20. Nf3 Qa3 21. Qd2 Rac8 22. Rxe8+ Rxe8 23. Nd4 Ne4 24. Qc2 Qa5 25. a4 Nc3 26. Rf1 Qc5 27. Qd3 Qxd4 28. Qa6 Qb6 29. Qd3 Qxb3 30. Kh1 Qc4 0-1

[Event "2nd Father Cup Blitz 2023"]
[Site "Rasht"]
[Date "2023.12.07"]
[Round "8.3"]
[White "Mahdavi, Reza"]
[Black "Omidi, Arya"]
[Result "1-0"]
[ECO "B06"]
[WhiteElo "2312"]
[BlackElo "2301"]
[Annotator "RC"]
[PlyCount "97"]
[EventDate "2023.12.07"]
[EventType "swiss"]
[EventCountry "IRI"]
[SourceTitle "playchess.com"]
[Source "ChessBase"]
[SourceQuality "1"]
[TimeControl "300+2"]

1. e4 g6 2. d4 Bg7 3. Nc3 a6 4. Be3 d6 5. h4 h6 6. Qd2 b5 7. f3 Nd7 8. O-O-O Nb6 9. Bd3 Bb7 10. Nh3 e6 11. g4 Qd7 12. Kb1 Rc8 13. d5 b4 14. Ne2 exd5 15. exd5 Nxd5 16. Bd4 Ngf6 17. g5 hxg5 18. Nxg5 c5 19. Bxf6 Nxf6 20. Nf4 Rh6 21. Rde1+ Kf8 22. h5 gxh5 23. Nge6+ fxe6 24. Nxe6+ Kg8 25. Nxg7 Qxg7 26. Rhg1 Ng4 27. fxg4 h4 28. g5 Rh5 29. Be2 Rh7 30. Bd3 Rh5 31. Qe2 Rxg5 32. Qe6+ Kh8 33. Rxg5 Qxg5 34. Qd7 Qg7 35. Qxd6 c4 36. Bf5 Rf8 37. Bg6 c3 38. a4 bxa3 39. Re5 Bf3 40. bxc3 Qb7+ 41. Kc1 Qg7 42. Kb1 h3 43. Rg5 Qb7+ 44. Kc1 Qg7 45. Qg3 Bg2 46. Qh4+ Kg8 47. Bh7+ Kh8 48. Bf5+ Kg8 49. Be6+ 1-0

[Event "2nd Father Cup Blitz 2023"]
[Site "Rasht"]
[Date "2023.12.07"]
[Round "8.4"]
[White "Mogheyseh, Abolfazl"]
[Black "Khoshkalam, Seyed Mehrab"]
[Result "0-1"]
[ECO "D36"]
[WhiteElo "2033"]
[BlackElo "2266"]
[Annotator "RC"]
[PlyCount "78"]
[EventDate "2023.12.07"]
[EventType "swiss"]
[EventCountry "IRI"]
[SourceTitle "playchess.com"]
[Source "ChessBase"]
[SourceQuality "1"]
[TimeControl "300+2"]

1. d4 e6 2. c4 Nf6 3. Nc3 d5 4. cxd5 exd5 5. Bg5 Nbd7 6. e3 Be7 7. Bd3 O-O 8. Nf3 c6 9. O-O Re8 10. Qc2 Nf8 11. h3 Ng6 12. Bxf6 Bxf6 13. b4 a6 14. a4 Qd6 15. b5 axb5 16. axb5 Rxa1 17. Rxa1 c5 18. Ra8 Bd7 19. Ra4 Rc8 20. Qb2 cxd4 21. Nxd4 Ne5 22. Be2 Qc5 23. Ra3 h6 24. Na4 Qc1+ 25. Qxc1 Rxc1+ 26. Kh2 Nc4 27. Bxc4 dxc4 28. Nc5 Bxd4 29. Nxd7 Ra1 30. Rxa1 Bxa1 31. Nc5 c3 32. Nb3 c2 33. Kg3 Bb2 34. Kf4 Kf8 35. Ke4 Ke7 36. Kd5 c1=Q 37. Nxc1 Bxc1 38. Kc5 Kd7 39. Kb6 Kc8 0-1

[Event "2nd Father Cup Blitz 2023"]
[Site "Rasht"]
[Date "2023.12.07"]
[Round "9.1"]
[White "Daghli, Arash"]
[Black "Maghsoodloo, Parham"]
[Result "0-1"]
[ECO "A29"]
[WhiteElo "2410"]
[BlackElo "2742"]
[Annotator "TA"]
[PlyCount "82"]
[EventDate "2023.12.07"]
[EventType "swiss"]
[EventCountry "IRI"]
[SourceTitle "playchess.com"]
[Source "ChessBase"]
[SourceQuality "1"]
[TimeControl "300+2"]

1. c4 Nf6 2. Nc3 e5 3. Nf3 Nc6 4. g3 Bb4 5. Bg2 O-O 6. O-O Re8 7. d3 a5 {[%emt 0:00:12] A29: English Opening: Four Knights Variation with 4 g3.} 8. e4 h6 9. h3 d6 {[%emt 0:00:02] The position is equal.} 10. Be3 Bc5 {[%emt 0:00:02] [#]} 11. d4 $146 ({Predecessor:} 11. Kh2 Nh7 12. Nd2 Be6 13. Nb3 Bxe3 14. fxe3 Qg5 15. Nd5 Bxd5 16. cxd5 Ne7 17. Qe2 {0-1 El Debs,F (2552)-Sevian,S (2660) PRO League Stage rapid 2020 (2)}) 11... exd4 12. Nxd4 Ne5 13. b3 Bd7 14. f4 Nc6 15. Qd2 $2 {[%emt 0:00:18] [#]} (15. Kh2 $14 {keeps the upper hand.}) 15... Bb4 $1 $17 {[%emt 0:00:07][%cal Od7h3] Black keeps a firm grip on the game.} 16. e5 dxe5 17. Nxc6 (17. Ndb5 $17 {was worth a try.}) 17... Bxc6 $19 18. Bxc6 bxc6 19. Qxd8 (19. f5 $142) 19... Raxd8 (19... Rexd8 $2 {loses.} 20. Nd1 $19) 20. Na4 Rd3 21. Bf2 exf4 22. Rad1 Rxd1 23. Rxd1 fxg3 24. Bxg3 Re2 25. Bxc7 Rxa2 26. Bd6 Ne4 27. Bxb4 axb4 {[%emt 0:00:01][%mdl 4096] Endgame KRN-KRN} 28. Rd4 Nd2 {[%emt 0:00:08] Threatens to win with ...Nf3+.} 29. Rd8+ Kh7 30. Nc5 Nf3+ 31. Kf1 g5 32. Rd6 h5 33. Rf6 (33. Rxc6 {might work better.} Nd2+ 34. Kg1) 33... g4 34. hxg4 hxg4 35. Rxf7+ Kg6 36. Rf8 Nh2+ 37. Kg1 Re2 38. Nd3 {[%emt 0:00:02] [#]} (38. Na6 $142) 38... Kg5 $1 39. Rf2 $2 (39. Nxb4 Kh4 40. Rf2 (40. Nxc6 {is a self mate.} Kg3 41. Rf1 Rg2+ {[%mdl 64] Deflection} 42. Kh1 Nxf1 43. Ne5 Kh3 44. Ng6 Ng3#) 40... Nf3+ 41. Kg2 Rxf2+ 42. Kxf2) 39... Nf3+ 40. Kf1 Re3 41. Nxb4 Re1+ {[%emt 0:00:02] Weighted Error Value: White=0.67/Black=0.12 (very precise)} 0-1